Map: Nightscape LE

Players

Massa

  • Race: Terran Terran
  • League: Platinum
  • Spawn Location: 7:00

qqq

  • Race: Protoss Protoss
  • League: Platinum
  • Spawn Location: 7:00

VaLmaLisK - Winner!

  • Race: Zerg Zerg
  • League: Platinum
  • Spawn Location: 1:00

Marbuel - Winner!

  • Race: Zerg Zerg
  • League: Diamond
  • Spawn Location: 1:00

VOD

Have the link to the VOD?

Description

Time

  • Played on: Sept. 27, 2020, 6:41 a.m.
  • Length: 19:49
Show
View Real Time Build Order
Export as new Build Order

Massa Terran 

Build Orders: Hellion Banshee 

Get SALT Encoding   

  12  0:00  SCV  
  13  0:12  SCV  
  14  0:16  Supply Depot  
  14  0:24  SCV  
  15  0:38  SCV  
  15  0:39  Barracks  
  16  0:46  Refinery  
  16  0:50  SCV  
  17  1:02  SCV  
  18  1:14  SCV  
  19  1:26  SCV  
  20  1:33  Reaper  
  20  1:38  Orbital Command  
  21  1:43  Command Center  
  21  2:09  Factory, Marine, Supply Depot  
  21  2:10  SCV  
  23  2:27  Barracks Reactor  
  23  2:30  SCV  
  24  2:37  Command Center  
  24  3:04  Starport  
  24  3:12  Hellion x2  
  28  3:14  Orbital Command  
  28  3:15  SCV  
  29  3:28  Supply Depot  
  29  3:30  SCV  
  29  3:33  Hellion x2  
  29  3:34  Refinery  
  34  3:42  SCV  
  34  3:51  Supply Depot  
  34  3:55  SCV  
  35  3:58  Hellion x2  
  39  4:06  Barracks Tech Lab  
  39  4:07  Starport Tech Lab  
  39  4:12  SCV x2  
  39  4:14  Orbital Command  
  41  4:19  Hellion  
  41  4:22  Hellion  
  45  4:24  SCV  
  45  4:27  Banshee  
  45  4:30  Stimpack  
  49  4:36  SCV  
  50  4:40  SCV  
  50  4:41  Widow Mine  
  55  5:14  Marauder  
  55  5:17  Widow Mine x2  
  55  5:18  Banshee  
  55  5:21  Cloaking Field  
  62  5:23  SCV x3  
  63  5:35  SCV x3, Marauder  
  68  5:47  SCV  
  49  6:13  Banshee  
  52  6:25  Factory Tech Lab, Barracks  
  52  6:26  Barracks  
  52  6:28  Barracks  
  52  6:33  Barracks  
  52  6:35  SCV  
  52  6:36  SCV x2, Engineering Bay  
  52  6:37  Engineering Bay  
  55  6:48  SCV x3  
  58  6:56  Banshee  
  58  7:00  SCV  
  62  7:18  Refinery  
  59  7:39  Banshee  
  62  8:00  Refinery  
  62  8:01  Siege Tank  
  62  8:04  Barracks Tech Lab  
  62  8:05  Barracks Reactor, Barracks Tech Lab  
  65  8:07  Marauder, Marine  
  65  8:08  Marine  
  69  8:13  Hyperflight Rotors  
  69  8:17  Missile Turret  
  69  8:25  Missile Turret  
  69  8:37  Missile Turret, Supply Depot  
  69  8:38  Supply Depot  
  69  8:40  Supply Depot  
  69  8:45  Missile Turret  
  69  8:57  Missile Turret x2  
  69  8:58  Marine x2  
  69  8:59  Marauder, Siege Tank  
  76  9:05  Missile Turret, Supply Depot x2  
  76  9:06  Supply Depot  
  76  9:09  Orbital Command  
  76  9:16  Marine x2, Missile Turret x2  
  78  9:20  Marauder  
  80  9:24  Combat Shield  
  80  9:25  Concussive Shells, Missile Turret  
  80  9:29  Supply Depot  
  76  9:32  Supply Depot  
  76  9:34  Marine x2  
  76  9:35  Missile Turret x2  
  76  9:37  Supply Depot  
  78  9:42  Marauder  
  80  9:56  Missile Turret  
  80  9:59  Supply Depot  
  80  10:02  Supply Depot  
  80  10:03  Marauder  
  82  10:13  Corvid Reactor  
  82  10:15  Missile Turret  
  82  10:18  Marauder x2  
  82  10:19  Marine x4  
  90  10:24  Marauder  
  92  10:35  Missile Turret  
  92  10:36  Marine  
  92  10:37  Marine x3  
  92  10:39  Marauder  
  92  10:40  Marauder  
  100  10:46  Marauder  
  102  10:52  Siege Tank  
  102  10:54  Marine  
  102  10:55  Marine x3  
  102  10:56  Liberator  
  102  10:57  Missile Turret  
  112  11:01  Marauder x2  
  112  11:03  SCV x2  
  118  11:07  SCV, Marauder  
  121  11:12  Marine  
  121  11:13  Marine x3  
  121  11:15  SCV x2  
  127  11:19  SCV  
  127  11:20  Missile Turret  
  127  11:22  Marauder x2  
  127  11:24  Siege Tank  
  135  11:29  Marauder  
  135  11:30  Marine x4  
  135  11:31  Terran Infantry Armor Level 1, Terran Infantry Weapons Level 1  
  141  11:35  Armory  
  141  11:37  Armory  
  141  11:38  Liberator  
  144  11:44  Marauder x2  
  148  11:48  Marine x3  
  148  11:50  Marauder  
  150  12:12  Refinery  
  150  12:15  Command Center  
  150  12:24  Supply Depot  
  150  12:27  Supply Depot x2  
  150  12:29  Supply Depot  
  148  12:37  Marauder x2  
  104  12:47  Marauder, Marine  
  104  12:48  Marine x3  
  104  12:49  Supply Depot  
  104  12:51  Supply Depot  
  102  12:58  Marauder x2  
  102  13:08  Marauder  
  104  13:14  Supply Depot  
  104  13:16  Supply Depot  
  103  13:20  Marauder x2, Marine  
  103  13:22  Marine x3  
  107  13:30  Marauder  
  107  13:33  Terran Infantry Armor Level 2, Terran Infantry Weapons Level 2  
  109  13:35  Terran Vehicle And Ship Armor Level 1, Terran Vehicle Weapons Level 1  
  109  13:37  Supply Depot  
  109  13:38  Marine  
  109  13:39  Marine x2  
  109  13:40  Marine, Supply Depot  
  109  13:41  Marauder x2  
  117  13:51  Marauder  
  117  13:52  Medivac  
  121  13:56  Marine, Siege Tank  
  121  13:57  Marine x3  
  121  14:02  Marauder  
  132  14:03  Marauder, Supply Depot  
  132  14:05  Supply Depot  
  132  14:13  Marauder, Marine  
  132  14:15  Marine x3  
  138  14:22  Medivac  
  138  14:24  Marauder x2  
  144  14:28  Siege Tank  
  147  14:34  Marauder  
  149  14:45  Marauder, Marine  
  152  14:52  Medivac  
  148  15:00  Siege Tank  
  148  15:04  Orbital Command  
  129  15:22  Medivac  
  117  15:30  Marauder x3, Marine  
  117  15:31  Marine x3  
  97  15:37  Command Center  
  97  15:41  SCV x3  
  100  15:48  Marine  
  100  15:49  Marine x3  
  91  15:51  Marauder x3  
  91  15:53  SCV x3  
  88  16:05  SCV  
  88  16:06  SCV x2, Marine  
  88  16:07  Marine x3  
  95  16:13  Marauder x3  
  95  16:17  SCV  
  95  16:18  SCV x2  
  91  16:24  Marine x4  
  93  16:29  SCV  
  93  16:30  SCV  
  92  16:34  Marauder x3  
  95  16:42  Marine x4  
  95  16:43  Barracks  
  95  16:45  Barracks  
  98  16:48  Barracks  
  98  16:49  Orbital Command  
  94  16:55  Marauder  
  94  16:56  Marauder x2  
  94  16:59  Marine  
  94  17:00  Marine x2  
  102  17:17  Marauder x3  
  108  17:23  Siege Tank  
  111  17:35  Marine  
  111  17:36  Marine x3  
  115  17:38  Marauder x3  
  121  17:53  Marine x4  
  121  17:55  Siege Tank  
  128  18:00  Marauder x3  
  124  18:11  Marine x4  
  128  18:18  Barracks Tech Lab  
  128  18:19  Barracks Tech Lab  
  128  18:20  Marine  
  128  18:21  Marauder x2  
  133  18:30  Barracks Tech Lab  
  133  18:39  Marauder  
  135  18:42  Marauder  
  135  18:43  Marauder  
  139  18:51  SCV  
  139  18:52  SCV x2  
  141  19:00  Orbital Command, Marauder  
  143  19:03  SCV  
  143  19:04  Marauder  
Show
View Real Time Build Order
Export as new Build Order

qqq Protoss 

Build Orders: Carriers 

Get SALT Encoding   

  12  0:02  Probe  
  14  0:14  Probe  
  14  0:22  Pylon  
  14  0:26  Probe  
  15  0:40  Probe  
  16  0:52  Probe  
  17  1:05  Probe  
  18  1:18  Pylon  
  18  1:19  Pylon  
  18  1:21  Pylon  
  18  1:23  Pylon  
  18  1:24  Pylon  
  18  1:29  Pylon  
  18  1:39  Forge  
  18  1:52  Pylon  
  18  1:53  Pylon  
  18  2:12  Photon Cannon  
  18  2:14  Pylon  
  16  2:35  Nexus  
  16  2:39  Probe  
  16  2:40  Pylon  
  17  2:51  Probe  
  18  2:52  Pylon  
  18  3:00  Pylon  
  18  3:05  Probe  
  19  3:12  Gateway  
  19  3:20  Photon Cannon  
  19  3:30  Photon Cannon  
  19  3:31  Probe  
  20  3:43  Photon Cannon  
  20  3:51  Pylon  
  20  4:01  Probe x2  
  22  4:08  Assimilator  
  22  4:12  Assimilator  
  22  4:13  Probe x2  
  24  4:25  Probe (Chrono Boost)  
  24  4:30  Probe (Chrono Boost)  
  26  4:36  Probe (Chrono Boost)  
  26  4:37  Cybernetics Core  
  28  4:40  Probe (Chrono Boost)  
  29  4:46  Probe (Chrono Boost)  
  29  4:48  Probe (Chrono Boost)  
  31  4:52  Probe (Chrono Boost)  
  31  4:53  Probe (Chrono Boost)  
  32  5:04  Probe x2  
  34  5:16  Probe x2  
  34  5:18  Zealot (Chrono Boost)  
  38  5:22  Assimilator  
  38  5:26  Assimilator  
  38  5:28  Probe x2  
  40  5:40  Probe x2  
  40  5:41  Photon Cannon  
  40  5:42  Zealot (Chrono Boost)  
  44  5:43  Pylon  
  44  5:50  Photon Cannon  
  44  5:52  Probe x2, Pylon  
  44  5:54  Photon Cannon  
  46  5:58  Shield Battery  
  46  6:02  Shield Battery, Stalker  
  48  6:04  Probe, Photon Cannon  
  48  6:08  Photon Cannon  
  49  6:15  Probe  
  50  6:26  Stargate x2  
  48  6:58  Shield Battery  
  48  7:12  Phoenix  
  48  7:13  Phoenix  
  52  7:18  Fleet Beacon  
  52  7:37  Phoenix, Protoss Air Weapons Level 1  
  52  7:38  Phoenix  
  52  7:43  Stargate, Robotics Facility  
  56  7:50  Pylon  
  56  7:53  Pylon  
  56  7:56  Pylon  
  56  8:11  Carrier x2 (Chrono Boost)  
  68  8:25  Probe  
  69  8:30  Nexus  
  69  8:31  Pylon  
  69  8:33  Pylon  
  69  8:34  Nexus  
  69  8:36  Pylon  
  69  8:39  Photon Cannon  
  69  8:42  Photon Cannon  
  69  8:44  Photon Cannon  
  69  8:51  Mothership  
  78  8:55  Observer  
  78  9:02  Photon Cannon  
  78  9:12  Void Ray  
  82  9:29  Observer  
  83  9:50  Observer  
  80  10:06  Void Ray  
  80  10:08  Void Ray  
  80  10:11  Carrier  
  94  10:15  Probe  
  95  10:24  Photon Cannon  
  95  10:26  Photon Cannon  
  95  10:27  Probe  
  96  10:30  Shield Battery  
  96  10:32  Photon Cannon  
  96  10:34  Pylon  
  96  10:39  Probe  
  97  10:49  Carrier  
  102  10:51  Probe (Chrono Boost)  
  102  10:54  Tempest  
  108  11:00  Assimilator  
  108  11:03  Probe (Chrono Boost)  
  109  11:04  Assimilator  
  109  11:11  Probe (Chrono Boost)  
  110  11:15  Tempest  
  110  11:18  Probe  
  115  11:19  Immortal  
  120  11:30  Probe  
  121  11:43  Pylon  
  121  11:44  Pylon  
  121  11:47  Nexus  
  121  11:49  Pylon  
  121  11:50  Pylon x2  
  121  11:51  Pylon  
  111  12:11  Mothership  
  119  12:19  Probe, Carrier  
  126  12:31  Probe  
  123  12:44  Probe  
  115  12:56  Probe  
  106  13:08  Probe  
  100  13:16  Carrier x2  
  100  13:17  Void Ray  
  100  13:19  Probe  
  113  13:20  Probe  
  118  13:32  Probe  
  114  13:44  Probe  
  105  13:56  Probe  
  105  14:01  Tempest  
  111  14:08  Probe  
  112  14:14  Void Ray x2  
  112  14:20  Probe  
  112  14:23  Nexus  
  121  14:27  Pylon  
  121  14:28  Pylon  
  121  14:31  Pylon  
  121  14:38  Void Ray  
  125  14:50  Nexus  
  125  14:51  Void Ray, Pylon  
  125  14:53  Pylon  
  125  14:56  Pylon  
  129  15:12  Nexus  
  97  16:01  Photon Cannon  
  97  16:03  Probe x2  
  97  16:04  Void Ray x3  
  93  16:05  Photon Cannon  
  93  16:06  Photon Cannon  
  93  16:09  Photon Cannon  
  93  16:11  Photon Cannon  
  99  16:15  Probe x2  
  87  16:27  Probe x2  
  89  16:39  Probe  
  88  16:40  Probe  
  88  16:41  Void Ray x3  
  88  16:43  Probe  
  88  16:45  Pylon  
  93  16:47  Pylon  
  93  16:50  Pylon  
  93  16:51  Probe  
  93  16:52  Probe  
  102  16:55  Probe  
  98  17:04  Probe  
  98  17:07  Probe  
  100  17:14  Photon Cannon  
  100  17:18  Void Ray x3  
  100  17:19  Probe  
  110  17:31  Probe  
  111  17:45  Nexus  
  111  17:48  Pylon  
  111  17:50  Pylon  
  110  17:53  Pylon  
  110  17:55  Void Ray x3  
  110  18:03  Flux Vanes  
  122  18:14  Probe  
  122  18:18  Photon Cannon  
  123  18:21  Photon Cannon  
  123  18:23  Photon Cannon  
  123  18:25  Photon Cannon  
  123  18:26  Probe (Chrono Boost), Photon Cannon  
  123  18:27  Photon Cannon  
  124  18:30  Photon Cannon  
  123  18:38  Probe (Chrono Boost)  
  124  18:42  Probe (Chrono Boost)  
  125  18:48  Nexus  
  125  18:53  Probe  
  126  19:05  Probe  
  127  19:14  Nexus  
  74  19:40  Photon Cannon  
  74  19:41  Photon Cannon  
Show
View Real Time Build Order
Export as new Build Order

VaLmaLisK Zerg - Winner!

Build Orders: Hatch First 

Get SALT Encoding   

  12  0:00  Drone  
  13  0:13  Overlord  
  13  0:17  Drone  
  14  0:38  Drone x2  
  14  0:39  Drone  
  17  0:51  Drone  
  18  0:59  Hatchery  
  17  1:11  Drone  
  17  1:12  Drone  
  19  1:19  Spawning Pool  
  19  1:22  Extractor  
  17  2:21  Drone x3  
  20  2:34  Zergling x2  
  21  3:01  Queen  
  21  3:02  Queen  
  25  3:08  Drone x2  
  27  3:37  Zergling x2  
  27  3:38  Overlord x2  
  28  3:41  Overlord  
  28  3:47  Evolution Chamber  
  27  4:08  Metabolic Boost  
  27  4:16  Drone  
  28  4:17  Baneling Nest  
  28  4:18  Drone x4  
  28  4:19  Drone  
  32  4:30  Queen x2  
  37  4:38  Zergling x2  
  37  4:39  Zergling x10  
  42  4:45  Extractor  
  42  4:52  Zerg Melee Weapons Level 1  
  41  5:01  Zergling x2  
  41  5:02  Zergling x10  
  47  5:23  Zergling x4  
  47  5:24  Zergling x4  
  47  5:28  Zergling x2  
  49  5:49  Zergling x10  
  46  6:02  Zergling x6  
  46  6:03  Zergling x6  
  51  6:15  Baneling x6  
  51  6:16  Baneling x2  
  51  6:19  Overlord x2  
  51  6:27  Baneling  
  51  6:37  Baneling x2  
  46  7:01  Spore Crawler  
  46  7:03  Drone x8  
  46  7:04  Drone x2  
  46  7:06  Spore Crawler  
  54  7:18  Zerg Ground Armor Level 1  
  54  7:20  Lair  
  53  8:02  Drone x3  
  53  8:03  Drone x3  
  59  8:06  Drone x6  
  59  8:07  Drone  
  59  8:09  Extractor  
  59  8:11  Extractor  
  64  8:18  Hatchery  
  63  8:20  Spire, Overlord  
  63  8:21  Overlord x3  
  62  8:27  Drone x2  
  64  9:03  Queen x2  
  64  9:04  Centrifical Hooks  
  69  9:17  Zergling x12  
  69  9:18  Zergling x10  
  79  9:38  Pneumatized Carapace  
  79  9:39  Burrow  
  79  9:45  Overlord  
  79  9:46  Overlord  
  79  9:51  Zerg Ground Armor Level 2  
  79  9:59  Drone x7  
  88  10:00  Drone x4, Evolution Chamber  
  89  10:16  Overseer x3  
  89  10:22  Hatchery  
  89  10:25  Extractor  
  89  10:26  Extractor  
  86  10:30  Queen  
  86  10:32  Spore Crawler  
  87  10:41  Mutalisk  
  87  10:42  Mutalisk x7  
  103  10:59  Drone  
  103  11:00  Drone x2  
  103  11:01  Drone  
  107  11:09  Drone x3  
  110  11:31  Mutalisk  
  112  11:34  Overlord x2  
  112  11:46  Mutalisk x3  
  118  11:49  Overlord x2  
  118  11:50  Overlord  
  118  12:12  Baneling  
  118  12:13  Baneling x15, Corruptor  
  118  12:14  Baneling x2, Corruptor x4  
  128  12:19  Overlord  
  128  12:20  Overlord  
  128  12:21  Zergling x24  
  83  13:04  Corruptor  
  83  13:05  Corruptor x7  
  89  13:09  Zergling x12  
  95  13:25  Corruptor x2  
  95  13:48  Corruptor x3  
  94  13:49  Corruptor  
  98  14:01  Corruptor x2  
  99  14:06  Drone  
  99  14:07  Drone x7  
  100  14:16  Zerg Flyer Armor Level 1  
  95  14:18  Zerg Melee Weapons Level 2  
  95  14:46  Drone x3  
  98  14:54  Zergling x10  
  98  14:55  Zergling x14  
  103  15:13  Baneling x2  
  84  15:40  Corruptor x5  
  84  15:41  Corruptor  
  92  15:43  Zergling x2  
  92  15:44  Zergling x30  
  108  15:56  Corruptor x2  
  108  15:57  Corruptor  
  105  16:25  Corruptor x3  
  105  16:26  Corruptor x8  
  127  16:37  Zergling x2  
  127  16:38  Zergling x12  
  134  16:43  Extractor  
  134  16:44  Extractor  
  134  16:45  Spore Crawler  
  131  17:05  Baneling x8  
  131  17:06  Baneling x13  
  131  17:07  Zergling x14  
  131  17:08  Zergling x4  
  140  17:28  Infestation Pit  
  140  17:29  Zerg Flyer Weapons Level 1  
  139  17:44  Drone x3  
  140  17:45  Drone x3  
  140  17:47  Drone x4  
  140  17:48  Drone x2  
  151  18:00  Overseer x2  
  151  18:01  Overseer  
  151  18:08  Extractor  
  151  18:09  Extractor  
  139  19:03  Baneling  
  139  19:04  Baneling x14, Overlord, Corruptor  
  139  19:05  Zergling x2  
  139  19:06  Zergling x10, Corruptor x2  
Show
View Real Time Build Order
Export as new Build Order

Marbuel Zerg - Winner!

Build Orders: Pool First 

Get SALT Encoding   

  12  0:01  Drone  
  13  0:08  Drone  
  14  0:16  Overlord  
  14  0:22  Extractor  
  14  0:23  Drone  
  15  0:36  Drone x2  
  17  0:44  Drone  
  18  0:56  Spawning Pool  
  18  0:57  Drone  
  18  0:59  Extractor  
  17  1:09  Drone  
  18  1:18  Drone  
  19  1:43  Zergling x4  
  21  1:50  Overlord  
  21  2:07  Queen  
  23  2:11  Hatchery  
  22  2:19  Zergling x2  
  22  2:20  Metabolic Boost, Zergling x2  
  25  2:30  Zergling x2  
  25  2:38  Roach Warren  
  24  2:52  Drone x2  
  26  3:04  Extractor  
  26  3:05  Drone  
  26  3:08  Overlord  
  26  3:24  Drone x5  
  26  3:25  Queen  
  33  3:31  Drone  
  34  3:44  Drone x2  
  34  3:45  Drone  
  37  3:51  Drone  
  37  4:00  Roach  
  39  4:04  Drone  
  39  4:06  Roach  
  42  4:11  Overlord x2  
  42  4:15  Extractor  
  41  4:17  Extractor  
  41  4:23  Lair  
  40  4:30  Drone x2  
  40  4:31  Drone  
  43  4:32  Drone x4  
  43  4:34  Overlord  
  47  4:45  Spore Crawler  
  47  4:46  Drone  
  47  4:48  Zergling x2, Roach x3  
  54  4:58  Roach x2  
  58  5:02  Ravager x2  
  60  5:12  Roach x2  
  64  5:16  Overlord x2  
  64  5:18  Drone x3  
  64  5:20  Overlord  
  64  5:56  Hydralisk Den  
  61  6:08  Ravager x6  
  67  6:13  Spore Crawler  
  67  6:14  Drone x4  
  67  6:15  Spore Crawler  
  67  6:17  Drone x3  
  72  6:18  Drone  
  72  6:19  Drone x2  
  75  6:36  Hydralisk x3  
  75  6:38  Grooved Spines  
  63  6:56  Hydralisk x2  
  63  6:57  Overseer x2  
  63  6:58  Pneumatized Carapace  
  61  7:03  Hatchery  
  61  7:04  Extractor  
  61  7:06  Drone, Hydralisk  
  61  7:07  Hydralisk x4  
  61  7:08  Extractor  
  67  7:23  Hydralisk x5  
  77  7:38  Hydralisk x4  
  77  7:42  Drone x3  
  77  7:43  Drone  
  89  7:46  Queen  
  91  7:52  Evolution Chamber  
  91  7:53  Evolution Chamber  
  91  7:57  Evolution Chamber  
  88  8:02  Drone x2  
  88  8:03  Drone x2  
  88  8:05  Overlord x3  
  92  8:16  Muscular Augments  
  92  8:33  Spore Crawler  
  91  8:37  Drone x2  
  91  8:38  Drone x7, Spore Crawler  
  91  8:39  Drone x2  
  91  8:40  Overlord  
  91  8:41  Overlord  
  101  8:47  Zerg Missile Weapons Level 1  
  101  8:50  Zerg Ground Armor Level 1  
  101  9:00  Zerg Melee Weapons Level 1  
  101  9:08  Drone x4  
  105  9:16  Drone x3  
  108  9:23  Hydralisk x4, Roach x3  
  122  9:40  Hydralisk x2  
  122  9:41  Hydralisk x2  
  120  10:04  Hydralisk  
  120  10:06  Overlord x5  
  122  10:08  Overseer x2  
  118  10:16  Hatchery  
  118  10:20  Extractor x2  
  111  10:31  Hydralisk x2  
  111  10:32  Hydralisk  
  111  10:33  Drone x3  
  118  10:43  Hydralisk x3  
  118  10:44  Hydralisk  
  118  10:46  Hydralisk  
  118  10:47  Hydralisk  
  130  10:55  Ravager x3  
  133  11:00  Zerg Melee Weapons Level 2  
  133  11:01  Zerg Missile Weapons Level 2  
  133  11:03  Zerg Ground Armor Level 2  
  133  11:06  Drone x3  
  133  11:07  Drone x3  
  139  11:20  Roach x5  
  149  11:35  Infestation Pit  
  130  11:56  Hydralisk  
  130  11:57  Hydralisk x6  
  111  12:05  Hydralisk x4  
  111  12:06  Hydralisk x6  
  115  12:11  Queen  
  117  12:16  Ravager  
  117  12:17  Ravager x4  
  117  12:18  Overseer x2  
  122  12:24  Hydralisk x4  
  122  12:25  Hydralisk x4  
  133  12:45  Hydralisk x4  
  133  12:46  Overlord x2, Roach  
  133  12:47  Roach  
  139  13:02  Hydralisk x4  
  139  13:03  Hydralisk x2  
  139  13:04  Roach x2  
  152  13:15  Drone  
  153  13:23  Hydralisk x2  
  153  13:24  Hydralisk x3  
  153  13:25  Roach x2  
  128  13:50  Hydralisk x4  
  128  13:51  Hydralisk x3  
  128  13:52  Infestor x4, Roach x3  
  150  13:56  Drone  
  150  13:57  Drone x6  
  155  14:13  Infestor x2  
  155  14:16  Overlord x4  
  159  14:30  Ravager  
  160  14:43  Neural Parasite  
  149  14:54  Drone x6  
  149  14:55  Drone x6  
  149  14:56  Drone x4  
  144  15:21  Hydralisk x2  
  144  15:22  Hydralisk x5  
  148  15:32  Hydralisk x5  
  148  15:33  Hydralisk  
  148  15:34  Roach  
  135  15:54  Hydralisk  
  135  15:55  Drone, Hydralisk x4  
  135  15:56  Infestor x3  
  137  16:32  Hydralisk  
  135  16:33  Hydralisk x2  
  135  16:34  Roach x2  
  135  16:38  Hatchery  
  142  16:40  Zergling x6  
  142  16:41  Roach x3  
  142  16:42  Overlord x2  
  145  17:20  Drone x6  
  151  17:23  Drone x3  
  151  17:27  Extractor  
  153  17:32  Extractor  
  153  17:33  Roach x3  
  153  17:34  Hydralisk  
  153  17:35  Hydralisk x4  
  168  17:44  Burrow  
  166  17:57  Drone x2  
  166  17:58  Drone x4  
  142  18:08  Infestor  
  142  18:09  Infestor x5  
  142  18:10  Hydralisk x4, Infestor  
  164  18:27  Hydralisk x5  
  164  18:28  Hydralisk x3  
  180  18:41  Roach  
  180  18:42  Roach x7  
  196  19:01  Hydralisk  
  153  19:24  Ravager  
Tags
 
Add a new tag
Caveats
  • Supply blocks, unpowered buildings, or Contaminate may cause inaccurate times.
  • Supply counts are checked every 10 seconds.